 Dungeon Crawl Stone Soup version 0.20.0-8-g6b59dc7 (webtiles) character file.

235 ghjk the Covered (level 5, 0/46 HPs)
             Began as a Minotaur Fighter on May 31, 2017.
             Fell down a flight of stairs (1 damage)
             ... on level 4 of the Dungeon.
             The game lasted 00:03:01 (2227 turns).

ghjk the Covered (Minotaur Fighter)                 Turns: 2227, Time: 00:03:02

Health: 0/46       AC:  8    Str: 22    XL:     5   Next: 76%
Magic:  4/4        EV:  8    Int:  5    God:
Gold:   149        SH:  0    Dex:  9    Spells: 4/4 levels left

rFire    . . .     SeeInvis .   k - +0 hand axe
rCold    . . .     Gourm    .   c - +0 shield
rNeg     . . .     Faith    .   b - +1 scale mail
rPois    .         Spirit   .   (helmet restricted)
rElec    .         Reflect  .   (no cloak)
rCorr    .         Harm     .   (no gloves)
MR       .....                  (no boots)
Stlth    ..........             (no amulet)
Regen    0.2/turn               (no ring)
MPRegen  0.1/turn               (no ring)

@: confused, slowed, very slow
A: retaliatory headbutt, horns 2
a: no special abilities


You were on level 4 of the Dungeon.
You were not hungry.

You visited 1 branch of the dungeon, and saw 4 of its levels.

You collected 149 gold pieces.

Inventory:

Hand Weapons
 a - a +0 war axe
 k - a +0 hand axe (weapon)
Armour
 b - a +1 scale mail (worn)
 c - a +0 shield (worn)
Scrolls
 i - a scroll of identify
 j - 3 scrolls of remove curse
 m - a scroll of enchant armour
Potions
 d - a potion of might
 l - a potion of lignification
 o - a potion of flight
 p - 3 potions of ambrosia
Comestibles
 f - 3 bread rations
 q - a royal jelly
 r - 2 meat rations


   Skills:
 + Level 4.2 Fighting
 * Level 5.0 Axes
 * Level 5.3 Armour
 + Level 0.7 Dodging
 + Level 0.1 Stealth
 + Level 4.3 Shields


You had 4 spell levels left.
You didn't know any spells.

Dungeon Overview and Level Annotations

Branches:
Dungeon (4/15)
 Temple: D:4-7

Altars:

Annotations:
D:4 Menkaure, Natasha, Sigmund


Innate Abilities, Weirdness & Mutations

You reflexively headbutt those who attack you in melee.
You have a pair of horns on your head.


Message History

You are confused.
There is a stone staircase leading up here.
The adder skeleton bites you.
* * * LOW HITPOINT WARNING * * *
Natasha casts a spell.
A magic dart appears from out of thin air!
The magic dart hits you! The adder skeleton closely misses you.
In your confused state, you trip and fall back down the stairs.
* * * LOW HITPOINT WARNING * * *
Natasha casts a spell at you.
You feel yourself slow down. The adder skeleton barely misses you.
Unknown command.
Unknown command.
Unknown command.
Unknown command.
The adder skeleton bites you but does no damage.
Something hits you.
* * * LOW HITPOINT WARNING * * *
In your confused state, you trip and fall back down the stairs.
You die...

#### #####.....
........... .#
..#......> ..#
....#.... ##...#
##......###...###
.#.....>.Z@$......
...........##.####
#.........h##.#
........†O....#
#.........5#..##
#....M.....#...##.
##................
#.................
#...........#.....


You could see an ogre, Menkaure, Natasha, a crimson imp and an adder skeleton.

Vanquished Creatures
  A howler monkey (D:4)
  A centaur skeleton (D:4)
  Robin (D:3)
  3 gnolls (D:3)
  4 adders (D:2)
  A worm (D:2)
  2 dart slugs
  2 leopard geckos
  5 orcs (D:3)
  A ball python (D:1)
  3 giant cockroaches
  14 goblins
  8 hobgoblins
  6 jackals
  7 kobolds
  3 quokkas
  7 bats
  4 frilled lizards
  7 rats
80 creatures vanquished.

Notes
Turn   | Place    | Note
-------+----------+-------------------------------------------
     0 | D:1      | ghjk the Minotaur Fighter began the quest for the Orb.
     0 | D:1      | Reached XP level 1. HP: 19/19 MP: 0/0
   100 | D:1      | Reached XP level 2. HP: 26/26 MP: 1/1
   740 | D:2      | Reached XP level 3. HP: 25/33 MP: 2/2
  1025 | D:2      | Reached XP level 4. HP: 39/40 MP: 3/3
  1302 | D:3      | Noticed Robin
  1518 | D:3      | Killed Robin
  2001 | D:3      | Reached XP level 5. HP: 45/46 MP: 4/4
  2004 | D:3      | Reached skill level 5 in Armour
  2206 | D:4      | Noticed Sigmund
  2215 | D:4      | Reached skill level 5 in Axes
  2218 | D:4      | Noticed Natasha
  2220 | D:4      | Noticed an ogre
  2221 | D:4      | Noticed Menkaure
  2226 | D:4      | HP: 1/46 [something (3)]
  2227 | D:4      | Fell down a flight of stairs

Skill      XL: |  1  2  3  4  5 |
---------------+----------------+-----
Armour         | 4 5 |  5.3
Axes           | 3 4 5 |  5.0
Shields        | 4 |  4.3
Fighting       | 4 |  4.2
Dodging        | |  0.7
Stealth        | |  0.1

Action                   |  1- 3 |  4- 6 || total
-------------------------+-------+-------++-------
Melee: War axe           |    38 |       ||    38
       Headbutt          |    15 |    13 ||    28
       Hand axe          |    64 |    90 ||   154
  Use: Scroll            |       |    10 ||    10
       Potion            |       |     1 ||     1
  Eat: Bread ration      |       |     1 ||     1
Armor: Scale mail        |    55 |    37 ||    92
Dodge: Dodged            |    33 |    44 ||    77
Block: Shield            |    67 |    56 ||   123
